 Dungeon Crawl Stone Soup version 0.27-a0-103-g6cd7b45605 (webtiles) character file.

Game seed: 17525259274486456123

9 knot the Chopper (level 2, 20/24 HPs)
             Began as a Demonspawn Berserker on Jan 23, 2021.
             Was a Follower of Trog.
             Quit the game on level 1 of the Dungeon.
             The game lasted 00:00:18 (173 turns).

knot the Chopper (Demonspawn Berserker)              Turns: 173, Time: 00:00:19

Health: 20/24      AC:  6    Str: 17    XL:     2   Next: 6%
Magic:  2/2        EV: 12    Int:  8    God:    Trog [*.....]
Gold:   8          SH:  0    Dex: 12    Spells: 1/1 levels left

rFire    . . .     SeeInvis .   a - +0 hand axe
rCold    . . .     Faith    .   (no shield)
rNeg     . . .     Spirit   .   b - +0 animal skin
rPois    .         Reflect  .   (no helmet)
rElec    .         Harm     .   (no cloak)
rCorr    .         Rampage  .   (no gloves)
Will     .....                  (no boots)
Stlth    +.........             (no amulet)
HPRegen  0.08/turn              c - +4 ring of protection
MPRegen  0.08/turn              (no ring)

@: no status effects
A: sanguine armour 1
a: Renounce Religion, Berserk


You were on level 1 of the Dungeon.
You worshipped Trog.
Trog was aware of your devotion.
You visited 1 branch of the dungeon, and saw 1 of its levels.

You collected 8 gold pieces.

Inventory:

Hand Weapons
 a - a +0 hand axe (weapon)
Armour
 b - a +0 animal skin (worn)
Jewellery
 c - a +4 ring of protection (left hand)
Scrolls
 e - a scroll of immolation {unknown}
 f - a scroll of remove curse {unknown}
Potions
 d - a potion of resistance {unknown}


   Skills:
 - Level 3.0 Fighting
 + Level 3.3 Axes
 - Level 1.7 Armour
 - Level 1.7 Dodging


You had one spell level left.
You didn't know any spells.
Your spell library was empty.

Dungeon Overview and Level Annotations

Branches:
Dungeon (1/15)

Altars:


Innate Abilities, Weirdness & Mutations

When seriously injured, your bleeding wounds create armour. (AC +0)


Message History

The jackal is almost dead.
The bat hits you but does no damage.
The jackal bites you but does no damage. x2
You hit the jackal but do no damage.
The jackal is almost dead.
The bat barely misses you. The bat hits you but does no damage.
The jackal closely misses you.
A bat comes into view.
The jackal bites you but does no damage.
You hit the jackal.
You kill the jackal!
Trog accepts your kill.
You hit the bat.
You kill the bat!
Trog accepts your kill.
A kobold comes into view. It is wielding a +0 dagger.
You have reached level 2!
Your demonic ancestry asserts itself...
You feel your blood ready itself to protect you.
Are you sure you want to abandon this character and quit the game? (Confirm with "yes".)

#.# #.##### ##.
#.#...######. ..
#...†........ .#
#......##### #.
#..###.....# .#
#..###.###.######.#
#........).......K##.K#.
...#.#####......@h.b....
###.. #######.#...... #.
#....##.# #. ##.### # .#
##


You could see a jackal, a bat and 2 kobolds.

Vanquished Creatures
  A giant cockroach (D:1)
  A goblin (D:1)
  A hobgoblin (D:1)
  A jackal (D:1)
  3 bats (D:1)
  A frilled lizard (D:1)
8 creatures vanquished.

Notes
Turn   | Place    | Note
-------+----------+-------------------------------------------
     0 | D:1      | knot the Demonspawn Berserker began the quest for the Orb.
     0 | D:1      | Reached XP level 1. HP: 18/18 MP: 1/1
   173 | D:1      | Gained mutation: When seriously injured, your bleeding
                  | wounds create armour. (AC +0) [demonic ancestry]
   173 | D:1      | Reached XP level 2. HP: 20/24 MP: 2/2
   173 | D:1      | Quit the game

Illustrated notes

Levels and vault maps discovered:
D:1:      minmay_arrival_semitransparent, layout_loops_ring,
          grunt_decor_fettered

Skill      XL: |  1 |
---------------+----+-----
Axes           | 3 |  3.3
Fighting       | |  3.0
Armour         | |  1.7
Dodging        | |  1.7

Action                   || total
-------------------------++-------
Melee: Hand axe          ||    36
 Stab: Sleeping          ||     1
Armor: Animal skin       ||    23
Dodge: Dodged            ||    26

Table legend: (Time is in decaauts)
 A = Elapsed time spent in this place.
 B = Non-inter-level travel time spent in this place.
 C = Inter-level travel time spent in this place.
 D = Time resting spent in this place.
 E = Time spent auto-exploring this place.
 F = Levels seen in this place.
 G = Mean time per level.
                   A        B        C        D        E       F      G
               +--------+--------+--------+--------+--------+-----+--------+
         Total |    178 |    178 |      0 |      0 |    109 |   1 |  178.0 |
       Dungeon |    178 |    178 |      0 |      0 |    109 |   1 |  178.0 |
               +--------+--------+--------+--------+--------+-----+--------+

Top non-repeatable levels by time:
     D:1: 178 daAuts
